 Dungeon Crawl Stone Soup version 0.28-a0-973-ga7f8b01127 (webtiles) character file.

Game seed: 11595934426005841370

1290 sanka the Distorting Palentonga (level 8, 0/62 HPs)
             Began as a Palentonga Abyssal Knight on Dec 1, 2021.
             Was a Believer of Lugonu.
             Killed from afar by Natasha (5 damage)
             ... with a puff of flame
             ... on level 3 of the Dungeon.
             The game lasted 00:11:01 (9773 turns).

sanka the Distorting Palentonga (PaAK)              Turns: 9773, Time: 00:11:04

Health: 0/62       AC: 18    Str: 19    XL:     8   Next: 30%
Magic:  13/13      EV:  7    Int: 10    God:    Lugonu [**....]
Gold:   190        SH:  0    Dex: 11    Spells: 7/7 levels left

rFire   . . .      SeeInvis +   t - +0 battleaxe
rCold   . . .      Faith    .   (shield currently unavailable)
rNeg    . . .      Spirit   .   s - +4 scale mail
rPois   .          Reflect  .   (helmet restricted)
rElec   +          Harm     .   (no cloak)
rCorr   .          Rampage  .   l - +0 pair of gloves
Will    .....                   (no barding)
Stlth   ..........              (no amulet)
HPRegen 0.20/turn               (no ring)
MPRegen 0.13/turn               (no ring)

@: flying, studying 2 skills, curled up
A: large, rugged brown scales 3, see invisible, deformed body, roll 1, armoured
tail, reflexive curl, claws 1, horns 1, electricity resistance
a: Rolling Charge, Renounce Religion, Depart the Abyss, Bend Space


You were on level 3 of the Dungeon.
You worshipped Lugonu.
Lugonu was pleased with you.
You visited 1 branch of the dungeon, and saw 5 of its levels.
You visited the Abyss 1 time.

You collected 190 gold pieces.


Innate Abilities, Weirdness & Mutations

You are completely covered in rugged brown scales. (AC +3, +7% HP)
You have supernaturally acute eyesight. (SInv)
Armour fits poorly on your strangely shaped body.
You can roll at nearby foes to attack.
You have a long armoured tail.
You curl defensively after being hit. (AC +7*)
You have sharp fingernails.
You have a pair of small horns on your head.
You are resistant to electric shocks. (rElec)


   Skills:
 - Level 3.0 Fighting
 + Level 6.9 Axes
 - Level 1.5 Armour
 - Level 0.7 Dodging
 - Level 2.4 Shields
 + Level 7.8 Invocations


You had 7 spell levels left.
You didn't know any spells.
Your spell library contained the following spells:

 Spells                   Type           Power      Damage    Failure   Level
 Dazzling Flash           Conj/Hex       0%         N/A       98%         3
 Ozocubu's Armour         Ice            0%         N/A       98%         3
 Agony                    Necr           0%         N/A       100%        5
 Metabolic Englaciation   Hex/Ice        0%         N/A       100%        5
 Silence                  Hex/Air        0%         N/A       100%        5
 Simulacrum               Ice/Necr       0%         N/A       100%        6

Inventory:

Hand Weapons
 a - a +1 hand axe
 t - a +0 battleaxe (weapon)
Armour
 l - a +0 pair of gloves (worn)
 n - a +0 buckler
 s - a +4 scale mail (worn)
Magical Staves
 u - a staff of death
Jewellery
 p - an amulet of the acrobat
Scrolls
 c - 3 scrolls of enchant armour {unknown}
 e - a scroll of holy word {unknown}
 g - 2 scrolls of fear {unknown}
 i - 2 scrolls of summoning {unknown}
 j - 5 scrolls of identify {unknown}
 m - a scroll of silence {unknown}
 o - a scroll of noise {unknown}
 r - a scroll of fog {unknown}
Potions
 b - a potion of heal wounds {unknown}
 d - a potion of haste {unknown}
 f - a potion of curing {unknown}
 h - a potion of degeneration {unknown}

Dungeon Overview and Level Annotations

Branches:
Dungeon (5/15)             Temple (0/1) D:5

Altars:
Hepliaklqana
Nemelex Xobeh
Trog
Uskayaw
Zin

Annotations:
D:3 Natasha
D:4 1 runed translucent door, Crazy Yiuf

▒......▒ ▒.▒ ▒.▒ ▒..▒▒▒.▒ ▒.▒
▒▒▒▒.▒▒ ▒..▒ ▒.▒ ▒▒'▒▒
▒.....▒ ▒..▒ ▒.▒ ▒▒...▒▒
▒.▒▒.▒▒ ▒▒..▒▒▒.▒ ▒▒.....▒▒
▒.▒▒▒▒ ........▒
▒▒.......▒▒▒▒▒..▒▒▒
▒▒......▒▒▒.........▒▒......▒
..........'.........'..[[)..▒
▒▒......▒▒▒.....H...▒▒.▒>[..▒
▒▒▒.▒.▒.▒ ▒▒....h..▒▒▒.▒.)▒.▒
▒▒▒.▒▒▒.▒ ▒▒.....▒▒ ▒.▒....▒
........▒ ▒▒...▒▒ ▒.▒▒▒▒.▒
▒▒▒.▒▒▒▒▒ ▒▒'▒▒ ▒.▒▒▒▒.▒ ▒.▒
▒.▒ ▒......▒ ▒.▒ ▒.▒ ▒▒▒▒▒▒.▒
▒.▒ ▒▒.▒▒ ▒.▒ ░░▒.▒░░░░
▒▒...▒▒ ▒.▒


You could see Natasha.


Message History

Natasha is moderately wounded.
Natasha claws you but does no damage.
Unknown command.
You barely miss Natasha.
Natasha is moderately wounded.
Natasha claws you.
* * * LOW HITPOINT WARNING * * *
Unknown command.
You closely miss Natasha.
Your tail-slap misses Natasha.
Natasha is moderately wounded.
Natasha claws you.
* * * LOW HITPOINT WARNING * * *
Natasha zaps a wand.
The puff of flame hits you!
* * * LOW HITPOINT WARNING * * *
Unknown command.
It was a potion of flight.
You feel very buoyant.
You fly up into the air.
Natasha claws you.
* * * LOW HITPOINT WARNING * * *
It was a potion of mutation.
You feel extremely strange. A pair of horns grows on your head!
You feel insulated.
Your fingernails lengthen.
Natasha zaps a wand.
The puff of flame hits you.
You die...

Action                   |  1- 3 |  4- 6 |  7- 9 || total
-------------------------+-------+-------+-------++-------
Melee: Hand axe          |   118 |   224 |       ||   342
       Tailslap          |    11 |    29 |    11 ||    51
       Battleaxe         |       |       |   120 ||   120
 Abil: Rolling Charge    |     1 |    12 |     7 ||    20
  Use: Potion            |       |       |     2 ||     2
Armor: Leather armour    |    53 |    45 |       ||    98
       Scale mail        |       |    28 |    71 ||    99
Dodge: Dodged            |    53 |    91 |    44 ||   188
Block: Buckler           |       |    43 |       ||    43

Levels and vault maps discovered:
D:1:      wheals_arrival_linesprint, layout_loops_ring
D:2:      layout_loops_ring, basic_altar, nicolae_ecumenical_lake_church,
          solitary_fountain, chequers_serial_rivers_small_a
D:3:      layout_loops_corners, beargit_hepliaklqana_dungeon_heroes,
          nemelex_diamond_rough_becter, uniq_natasha
D:4:      layout_cave_pools, zin_statuary, lemuel_round_altar,
          uniq_blork_the_orc, uniq_crazy_yiuf_cottage
D:5:      nicolae_cairo_tiling_very_big, layout_basic, minmay_manual_mail

Notes
Turn   | Place    | Note
-------+----------+-------------------------------------------
     0 | Abyss:1  | sanka the Palentonga Abyssal Knight began the quest for the
                  | Orb.
     0 | Abyss:1  | Reached XP level 1. HP: 19/19 MP: 2/2
    20 | D:1      | Escaped the Abyss
   426 | D:1      | Reached XP level 2. HP: 24/25 MP: 3/3
   595 | D:1      | Reached skill level 3 in Axes
  1474 | D:2      | Reached XP level 3. HP: 31/31 MP: 4/4
  1552 | D:2      | Reached skill level 4 in Axes
  1580 | D:2      | Found a hide-covered altar of Uskayaw.
  1696 | D:2      | Reached ** piety under Lugonu
  1924 | D:2      | Found a faded altar of an unknown god.
  2292 | D:2      | Reached XP level 4. HP: 18/37 MP: 5/5
  2870 | D:3      | Reached skill level 1 in Shields
  3303 | D:3      | Reached XP level 5. HP: 42/43 MP: 6/6
  3481 | D:3      | Found a sparkling altar of Nemelex Xobeh.
  3755 | D:3      | Reached skill level 5 in Axes
  3940 | D:3      | Noticed Natasha
  3948 | D:3      | Killed Natasha
  3949 | D:3      | Reached skill level 2 in Shields
  4218 | D:3      | Reached XP level 6. HP: 16/50 MP: 7/7
  4429 | D:3      | Found a hazy altar of Hepliaklqana.
  4431 | D:3      | Found a faded altar of an unknown god.
  5018 | D:3      | Reached skill level 6 in Axes
  5751 | D:4      | Reached skill level 3 in Invocations
  6243 | D:4      | Noticed Blork the orc
  6246 | D:4      | Noticed an ice beast
  6386 | D:3      | Killed Blork the orc
  6387 | D:3      | Reached skill level 4 in Invocations
  6387 | D:3      | Gained mutation: You curl defensively after being hit. (AC
                  | +7*) [Palentonga growth]
  6387 | D:3      | Reached XP level 7. HP: 31/55 MP: 8/10
  6557 | D:4      | Reached skill level 5 in Invocations
  6958 | D:4      | Found a glowing silver altar of Zin.
  7037 | D:4      | Found a runed translucent door.
  7038 | D:4      | Noticed Crazy Yiuf
  7152 | D:4      | Found a bloodstained altar of Trog.
  7623 | D:5      | Entered Level 5 of the Dungeon
  7623 | D:5      | Found a staircase to the Ecumenical Temple.
  7634 | D:5      | Reached skill level 6 in Invocations
  8208 | D:5      | Reached skill level 7 in Invocations
  8224 | D:5      | Reached XP level 8. HP: 58/62 MP: 13/13
  9098 | D:3      | Noticed Natasha
  9104 | D:3      | Killed Natasha
  9289 | D:3      | Found a sparkling altar of Nemelex Xobeh.
  9630 | D:3      | Found a hazy altar of Hepliaklqana.
  9632 | D:3      | Found a faded altar of an unknown god.
  9753 | D:3      | Noticed Natasha
  9771 | D:3      | HP: 6/62 [Natasha/puff of flame (8)]
  9773 | D:3      | Gained mutation: You have a pair of small horns on your
                  | head. [potion of mutation]
  9773 | D:3      | Gained mutation: You are resistant to electric shocks.
                  | (rElec) [potion of mutation]
  9773 | D:3      | Gained mutation: You have sharp fingernails. [potion of
                  | mutation]
  9773 | D:3      | Killed from afar by Natasha

Vanquished Creatures
  A sky beast (D:5)
  2 ice beasts
  2 ogres
  A phantom (D:5)
  A kobold brigand (D:3)
  Blork the orc (D:3)
  2 scorpions (D:5)
  3 orc priests
  2 iguanas
  Natasha (twice) (D:3)
  3 orc wizards
  A hound skeleton (D:5)
  4 gnolls
  8 adders
  A white imp (D:4)
  2 worms
  4 dart slugs
  23 orcs
  4 bats
  9 endoplasms
  4 giant cockroaches
  7 goblins
  4 hobgoblins
  6 jackals (D:2)
  2 kobolds (D:3)
  3 quokkas
  4 ball pythons
  2 frilled lizards
  4 rats (D:2)
112 creatures vanquished.
